 Dungeon Crawl Stone Soup version bcrawl-1.34.1 (webtiles) character file.

Game seed: 18071800675147048218

356047 HammerPanzer the Agent of Entropy (level 11, -4/85 HPs)
             Began as a Demonspawn Abyssal Knight on Sept 10, 2021.
             Was a Priest of Lugonu.
             Slain by a skeletal warrior
             ... wielding a +0 glaive
             ... led by a skeletal warrior
              (15 damage)
             ... on level 11 of the Dungeon.
             The game lasted 00:31:50 (12284 turns).

HammerPanzer the Agent of Entropy (DsAK)           Turns: 12284, Time: 00:31:52

Health: -4/85      AC: 18    Str: 15    XL:     11   Next: 81%
Magic:  0/18       EV:  8    Int: 13    God:    Lugonu [***...]
Gold:   712        SH:  8    Dex: 14    Spells: 19/19 levels left

rFire    + + .     SeeInvis +   s - +6 rapier "Oppiypla" {pierce, *Rage rPois rF++ MR+}
rCold    + . .     Gourm    .   (no shield)
rNeg     + . .     Faith    .   D - +0 plate armour
rPois    +         Spirit   +   I - +1 helmet {SInv}
rElec    .         Reflect  .   G - +0 cloak
rCorr    .         Harm     .   (no gloves)
MR       +....     Rnd*Rage +   n - +1 pair of boots
Stlth    ..........             x - amulet of guardian spirit
HPRegen  0.24/turn              E - ring of Sif Muna's Regard {rN+ Stlth--} (curse)
MPRegen  0.16/turn              H - ring of protection from cold

@: no status effects
A: claws 2, large bone plates 3
a: Depart the Abyss, Bend Space, Banish, Renounce Religion


You were on level 11 of the Dungeon.
You worshipped Lugonu.
Lugonu was most pleased with you.
You were hungry.

You visited 1 branch of the dungeon, and saw 11 of its levels.
You visited the Abyss 1 time.

You collected 1394 gold pieces.
You spent 682 gold pieces at shops.

Inventory:

Hand Weapons
 b - the +4 dagger "Rosarafu" {antimagic, rC+}
   (You found it on level 4 of the Dungeon)

   It reduces the magical energy of the wielder, and disrupts the spells and
   magical abilities of those hit.
   Natural abilities and divine invocations are not affected.
   It protects you from cold.
 s - the +6 rapier "Oppiypla" (weapon) {pierce, *Rage rPois rF++ MR+}
   (You bought it in a shop on level 4 of the Dungeon)

   It will always inflict at least some extra damage.
   This minimum extra damage increases with your current reserve of magical
   power.
   It greatly protects you from fire.
   It protects you from poison.
   It affects your resistance to hostile enchantments.
   It may make you go berserk in combat.
 y - the +0 short sword "Xesoon" {pierce, rElec rC+ rN+++ Stlth-}
   (You found it on level 7 of the Dungeon)

   It will always inflict at least some extra damage.
   This minimum extra damage increases with your current reserve of magical
   power.
   It protects you from cold.
   It insulates you from electricity.
   It renders you almost immune to negative energy.
   It makes you less stealthy.
Missiles
 c - 6 tomahawks of dispersal (quivered) {=f}
 d - 3306 stones
 l - 159 poisoned tomahawks
Armour
 n - a +1 pair of boots (worn)
 D - a +0 plate armour (worn)
 G - a +0 cloak (worn)
 I - a +1 helmet of see invisible (worn)
 K - a scarf of clouds
Jewellery
 m - a +6 ring of protection {unknown}
 x - an amulet of guardian spirit (around neck)
 E - the cursed ring of Sif Muna's Regard (left claw) {rN+ Stlth--}
   (You found it on level 8 of the Dungeon)

   [ring of attention]

   It protects you from negative energy.
   It makes you much less stealthy.
   It has a curse placed upon it.
 H - a ring of protection from cold (right claw)
 J - an uncursed ring of magical power
Wands
 a - a wand of iceblast (20)
 k - a wand of flame (17)
 o - a wand of enslavement (7)
 B - a wand of paralysis (7)
 C - a wand of polymorph (22)
Scrolls
 f - 7 scrolls of remove curse
 i - a scroll of identify
 q - 3 scrolls of enchant weapon
Potions
 g - a potion of cancellation
 h - 2 potions of might
 p - 3 potions of lignification
 r - 5 potions of curing
 t - 3 potions of mutation
 u - a potion of berserk rage
 z - a potion of magic
 A - 3 potions of resistance
 F - a potion of flight {unknown}
Comestibles
 e - 25 rations {!d}
 j - 15 chunks of flesh


   Skills:
 + Level 7.7 Fighting
 + Level 4.4(5.3) Short Blades
   Level 4.5(5.4) Long Blades
 + Level 6.4 Throwing
 + Level 6.6 Armour
 * Level 9.3 Dodging
 + Level 4.5 Spellcasting
 + Level 9.6 Invocations


You had 19 spell levels left.
You didn't know any spells.
Your spell library contained the following spells:

 Spells                   Type           Power        Failure   Level  Hunger
 Ensorcelled Hibernation  Hex/Ice        #.....       100%        2    None
 Borgnjor's Vile Clutch   Necr/Erth      #.........   100%        6    #######
 Darkness                 Hex            #.........   100%        6    #######
 Infestation              Hex/Tmut/Pois  #........    100%        6    #######
 Shadow Creatures         Summ           N/A          100%        7    #######
 Time Stop                Chrm/Tloc      N/A          100%        8    #######


Dungeon Overview and Level Annotations

Branches:
Dungeon (11/12)            Temple (0/1) D:7            Lair (0/6) D:9
    Orc (0/1) D:10
 Vaults: D:11-12

Altars:
Ashenzari
Gozag
Lugonu
Nemelex Xobeh
Trog
Vehumet
Yredelemnul

Shops:
D:4 (

Annotations:
D:10 2 transporters, corrupted


Innate Abilities, Weirdness & Mutations

You have very sharp fingernails.
You are completely covered in large bone plates. (SH +8)


Message History

The yak gores you.
* * * LOW HITPOINT WARNING * * *
The skeletal warrior closely misses you.
A yaktaur captain comes into view.
You are feeling hungry.
The yaktaur captain shouts!
You puncture the yak!
The yak is heavily wounded.
You hear a shout!
The centaur shoots an arrow.
The arrow hits you but does no damage.
The skeletal warrior hits you from afar with a +0 glaive!
* * * LOW HITPOINT WARNING * * *
You block the yak's attack.
A bullfrog comes into view.
The centaur warrior shoots an arrow.
The arrow hits you but does no damage.
The bullfrog gives a loud, deep croak!
The skeletal warrior hits you with a +0 halberd!
* * * LOW HITPOINT WARNING * * *
The skeletal warrior hits you with a +0 glaive!
You die...

#...aY.........
#..YYY...............##
#......z................#
#.......................
#..^###................
.... ...............#####
...# ....................#
... ...........zz..(.....#
#..............Y@......[.#
...............####
......$...........#
............c.....#
...z.......#cF....#
..........##c..#####
.../......##...#...#
..........#..[.....#
...............^...#


You could see a yaktaur captain, 3 skeletal warriors, a centaur warrior, a yak,
a bullfrog and a centaur.

Vanquished Creatures
  Snorg (D:10)
  Erica (D:10)
  An orc knight (D:10)
  2 ugly things (D:10)
  A centaur zombie (D:8)
  A freezing wraith (D:10)
  A centaur skeleton (D:10)
  2 trolls (D:10)
  The ghost of tronn the Sneak, an amateur GnSA of Cheibriados (D:5)
  A hornet (D:8)
  Grinder (D:6)
  A meliai zombie (D:10)
  4 hippogriffs
  A shadow (D:6)
  A wraith (D:10)
  10 yaks
  4 humans (D:9)
  2 crocodiles
  An acid dragon (D:9)
  3 porcupines (D:9)
  A water moccasin (D:10)
  5 black bears
  3 orc warriors
  A phantom (D:6)
  An eye of draining (D:10)
  3 sky beasts
  3 ogres
  2 centaurs
  4 bullfrogs
  2 big kobolds (D:7)
  A wyvern skeleton (D:7)
  A troll zombie (D:10)
  4 scorpions
  5 killer bees
  3 orc priests
  4 crimson imps
  A howler monkey (D:5)
  5 hounds
  4 bullfrog skeletons
  5 jellies
  10 orc wizards
  Natasha (thrice) (D:3)
  An iguana (D:7)
  4 worker ants
  2 hound skeletons
  5 gnolls
  7 adders
  2 shadow imps
  A white imp (D:8)
  7 oozes
  2 adder skeletons
  3 worms
  3 dart slugs (D:1)
  A leopard gecko (D:6)
  37 orcs
  4 giant cockroaches
  9 hobgoblins
  8 jackals
  2 quokkas
  3 bats
  A frilled lizard (D:3)
  9 goblins
  12 kobolds
  An orc skeleton (D:10)
  2 orc zombies (D:10)
  2 quokka skeletons
  2 rats
241 creatures vanquished.

Vanquished Creatures (others)
  Psyche (D:10)
  A human (D:9)
  A hungry ghost (D:10)
  A two-headed ogre zombie (D:10)
  A phantom (D:10)
  A centaur (D:10)
  2 troll zombies (D:10)
  A killer bee (D:8)
  An orc priest (D:10)
  A crimson imp (D:10)
  4 ogre zombies (D:10)
  An orc (D:5)
  A goblin skeleton (D:10)
  3 goblin zombies (D:10)
  A hobgoblin skeleton (D:10)
  A hobgoblin zombie (D:10)
  2 orc skeletons (D:10)
  14 orc zombies (D:10)
  5 fungi (D:9)
  3 plants (D:9)
  5 starspawn tentacles (D:10)
51 creatures vanquished.

Grand Total: 292 creatures vanquished

Notes
Turn   | Place    | Note
-------+----------+-------------------------------------------
     0 | Abyss:1  | HammerPanzer the Demonspawn Abyssal Knight began the quest
                  | for the Orb.
     0 | Abyss:1  | Reached XP level 1. HP: 18/18 MP: 2/2
    20 | D:1      | Escaped the Abyss
    53 | D:1      | Reached skill level 1 in Dodging
    66 | D:1      | Reached * piety under Lugonu
    67 | D:1      | Reached skill level 1 in Throwing
    86 | D:1      | Gained mutation: You are partially covered in large bone
                  | plates. (SH +4) [demonic ancestry]
    86 | D:1      | Reached XP level 2. HP: 22/24 MP: 4/4
   712 | D:1      | Gained mutation: You have sharp fingernails. [demonic
                  | ancestry]
   712 | D:1      | Reached XP level 3. HP: 11/29 MP: 5/5
  1897 | D:2      | Found a shattered altar of Ashenzari.
  2155 | D:3      | Reached ** piety under Lugonu
  2161 | D:3      | Reached XP level 4. HP: 21/35 MP: 6/6
  2336 | D:3      | Noticed Natasha
  2350 | D:4      | Found Otweom's Weapon Shoppe.
  2441 | D:5      | Entered Level 5 of the Dungeon
  2477 | D:5      | Found a runed translucent door.
  2520 | D:5      | Noticed a centaur
  2526 | D:5      | Killed a centaur
  2527 | D:5      | Reached XP level 5. HP: 18/41 MP: 7/7
  2794 | D:4      | Gained mutation: You have very sharp fingernails. [demonic
                  | ancestry]
  2794 | D:4      | Reached XP level 6. HP: 16/47 MP: 8/8
  3287 | D:4      | Got a shimmering dagger
  3747 | D:4      | Identified the +4 dagger "Rosarafu" {antimagic, rC+} (You
                  | found it on level 4 of the Dungeon)
  3942 | D:3      | Killed Natasha
  4061 | D:3      | Noticed Natasha
  4070 | D:3      | Killed Natasha
  4071 | D:3      | Gained mutation: You are mostly covered in large bone
                  | plates. (SH +6) [demonic ancestry]
  4071 | D:3      | Reached XP level 7. HP: 53/53 MP: 5/10
  4105 | D:3      | Noticed Natasha
  4117 | D:3      | Killed Natasha
  4141 | D:3      | Found a sparkling altar of Nemelex Xobeh.
  4351 | D:3      | Reached *** piety under Lugonu
  4654 | D:5      | Found an opulent altar of Gozag.
  5057 | D:5      | Noticed tronn's ghost (amateur GnSA)
  5099 | D:5      | Killed tronn's ghost
  5142 | D:4      | Bought the +6 rapier "Oppiypla" {pierce, *Rage rPois rF++
                  | MR+} for 682 gold pieces
  5264 | D:6      | Reached skill level 5 in Invocations
  5264 | D:6      | Gained mutation: You are completely covered in large bone
                  | plates. (SH +8) [demonic ancestry]
  5264 | D:6      | Reached XP level 8. HP: 52/61 MP: 11/11
  5629 | D:6      | Reached skill level 5 in Dodging
  5886 | D:6      | Reached skill level 5 in Fighting
  5904 | D:6      | Noticed a hippogriff
  5912 | D:6      | Killed a hippogriff
  6013 | D:6      | Reached XP level 9. HP: 61/68 MP: 11/13
  6212 | D:6      | Noticed Grinder
  6225 | D:6      | Killed Grinder
  6662 | D:7      | Got an ivory short sword
  6669 | D:7      | Identified the cursed +0 short sword "Xesoon" {pierce,
                  | rElec rC+ rN+++ Stlth-} (You found it on level 7 of the
                  | Dungeon)
  6902 | D:7      | Found a staircase to the Ecumenical Temple.
  6912 | D:7      | Reached skill level 1 in Short Blades
  6912 | D:7      | Reached skill level 1 in Spellcasting
  6943 | D:7      | Reached **** piety under Lugonu
  7149 | D:7      | Reached skill level 5 in Armour
  7642 | D:8      | Reached XP level 10. HP: 70/76 MP: 13/15
  7999 | D:8      | Got a twitching bronze ring
  8071 | D:8      | Received a gift from Lugonu
  8141 | D:8      | Found a basalt altar of Yredelemnul.
  8188 | D:8      | Reached skill level 5 in Throwing
  8190 | D:8      | Identified the cursed ring of Sif Muna's Regard {rN+
                  | Stlth--} (You found it on level 8 of the Dungeon)
  8288 | D:8      | Found a radiant altar of Vehumet.
  9316 | D:9      | Found a bloodstained altar of Trog.
  9497 | D:9      | Found a corrupted altar of Lugonu.
  9611 | D:9      | Found a staircase to the Lair.
  9953 | D:10     | Entered Level 10 of the Dungeon
  9970 | D:10     | Noticed Erica
  9982 | D:10     | Killed Erica
  9983 | D:10     | Reached XP level 11. HP: 36/83 MP: 9/17
 10132 | D:10     | Found a transporter.
 10133 | D:10     | Noticed an orc sorcerer
 10135 | D:10     | Noticed a fire crab
 10137 | D:10     | Noticed an orc high priest
 10202 | D:10     | Noticed Snorg
 10234 | D:10     | Killed Snorg
 10250 | D:10     | HP: 3/84 [scorpion (6)]
 10560 | D:10     | Found a transporter.
 10616 | D:10     | Noticed a red ugly thing
 10646 | D:10     | Killed a red ugly thing
 11104 | D:10     | Noticed Psyche
 11121 | D:10     | Corrupted D:10
 11121 | D:10     | Noticed a death drake
 11121 | D:10     | Noticed a thrashing horror
 11121 | D:10     | Noticed a large abomination
 11122 | D:10     | Noticed an unseen horror
 11124 | D:10     | Noticed a brown very ugly thing
 11129 | D:10     | Killed Psyche
 11243 | D:10     | Found a staircase to the Orcish Mines.
 11538 | D:11     | Noticed an orc knight
 11538 | D:11     | Noticed an orc sorcerer
 11563 | D:10     | Killed an orc knight
 11574 | D:11     | Noticed a centaur warrior
 11577 | D:11     | Noticed a purple ugly thing
 11579 | D:11     | Noticed a six-headed hydra
 11581 | D:11     | Noticed a skeletal warrior
 11581 | D:11     | Noticed a skeletal warrior
 11581 | D:11     | Noticed a skeletal warrior
 11588 | D:11     | Noticed a red ugly thing
 11616 | D:10     | Killed a red ugly thing
 11767 | D:11     | Noticed a skeletal warrior
 12282 | D:11     | Noticed a yaktaur captain
 12284 | D:11     | Slain by a skeletal warrior

Skill      XL: |  1  2  3  4  5  6  7  8  9 10 11 |
---------------+----------------------------------+-----
Dodging        | 1 2 3 4 5 7 8 9 |  9.3
Throwing       | 1 2 4 5 6 |  6.4
Long Blades    | 2 3 4 |  4.5
Invocations    | 3 4 5 6 7 8 9 |  9.6
Armour         | 2 3 4 5 6 |  6.6
Fighting       | 4 5 6 7 |  7.7
Short Blades   | 1 3 4 |  4.4
Spellcasting   | 1 3 4 |  4.5

Action                   |  1- 3 |  4- 6 |  7- 9 | 10-12 || total
-------------------------+-------+-------+-------+-------++-------
Melee: Long sword        |   154 |   150 |       |       ||   304
       Dagger            |       |    51 |   108 |       ||   159
       Rapier            |       |       |   259 |   476 ||   735
Throw: Stone             |    17 |     4 |    23 |     7 ||    51
       Tomahawk          |       |       |       |     7 ||     7
Invok: Depart the Abyss  |     1 |       |       |       ||     1
       Bend Space        |     1 |     1 |       |     2 ||     4
       Banish            |       |       |       |     3 ||     3
       Corrupt           |       |       |       |     1 ||     1
  Use: Scroll            |     6 |     5 |    11 |     6 ||    28
       Potion            |       |       |       |     5 ||     5
  Eat: Chunk             |     5 |     8 |    19 |    20 ||    52
       Ration            |     1 |     1 |     1 |     3 ||     6
Armor: Ring mail         |    34 |    74 |    24 |       ||   132
       Scale mail        |       |       |    30 |       ||    30
       Chain mail        |       |       |    49 |       ||    49
       Plate armour      |       |       |    79 |   364 ||   443
Dodge: Dodged            |    78 |   123 |   111 |   195 ||   507
Block: Other             |    27 |    38 |   102 |   262 ||   429
